 Dungeon Crawl Stone Soup version 0.31-a0-949-g57150269e1 (webtiles) character file.

Game seed: 13649129720663267845

106 Zonian the Magician (level 4, -11/24 HPs)
             Began as a Deep Elf Hedge Wizard on Oct 22, 2023.
             Mangled by a sleepcap (14 damage)
             ... on level 4 of the Dungeon.
             The game lasted 00:06:53 (5124 turns).

Zonian the Magician (Deep Elf Hedge Wizard)         Turns: 5124, Time: 00:06:53

Health: -11/24     AC:  3    Str:  7    XL:     4   Next: 55%
Magic:  2/13       EV:  2    Int: 21    God:
Gold:   162        SH:  0    Dex: 14    Spells: 8/13 levels left

rFire   . . .        a - +0 dagger
rCold   . . .        (no shield)
rNeg    + . .        b - +0 robe
rPois   .            c - +0 hat
rElec   .            (no cloak)
rCorr   .            (no gloves)
SInv    .            j - +0 pair of boots
Will    .....        (no amulet)
Stlth   ++           k - ring of positive energy
HPRegen 0.24/turn    (no ring)
MPRegen 0.13/turn

%: no passive effects
@: sleeping
A: no striking features
a: no special abilities


You were on level 4 of the Dungeon.
You visited 1 branch of the dungeon, and saw 4 of its levels.

You collected 162 gold pieces.

Inventory:

Hand Weapons
 a - a +0 dagger (weapon)
Missiles
 f - 4 atropa-tipped darts
 r - a boomerang
Armour
 b - a +0 robe (worn)
 c - a +0 hat (worn)
 j - a +0 pair of boots (worn)
 l - an orb of mayhem
 n - an orb of wrath
Jewellery
 k - a ring of positive energy (left hand)
Scrolls
 p - a scroll of fear {unknown}
 q - a scroll of vulnerability {unknown}
Potions
 d - 2 potions of enlightenment
 e - 2 potions of heal wounds
 g - a potion of mutation
 i - a potion of curing {unknown}
 m - a potion of invisibility {unknown}
 o - a potion of berserk rage {unknown}


   Skills:
 + Level 3.2 Dodging
 + Level 3.3 Stealth
 + Level 5.1 Spellcasting
 + Level 2.0 Conjurations
 + Level 2.0 Summonings
 + Level 2.2 Translocations


You had 8 spell levels left.
You knew the following spells:

 Your Spells              Type           Power      Damage    Failure   Level
a - Magic Dart            Conj           56%        1d5       4%          1
b - Blink                 Tloc           28%        N/A       7%          2
c - Call Imp              Summ           28%        N/A       7%          2

Your spell library contained the following spells:

 Spells                   Type           Power      Damage    Failure   Level
 Slow                     Hex            20%        N/A       11%         1
 Cigotuvi's Dreadful Rot  Necr/Pois/Air  10%        N/A       16%         2
 Stone Arrow              Conj/Erth      18%        3d8       22%         3
 Mephitic Cloud           Conj/Pois/Air  8%         N/A       24%         3
 Animate Armour           Summ/Erth      18%        N/A       56%         4
 Lehudib's Crystal Spear  Conj/Erth      4%         10d3      100%        8


Dungeon Overview and Level Annotations

Branches:
Dungeon (4/15)
 Temple: D:4-7

Altars:
Zin

Shops:
D:4 =


Message History

You are engulfed in a cloud of soporific spores!
You are unaffected.
Unknown command.
You hit the sleepcap but do no damage.
The sleepcap is moderately damaged.
The sleepcap releases spores at you.
Your magical contamination has completely faded away.
Unknown command.
Casting: Magic Dart (safe; 4% risk of failure)
Confirm with . or Enter, or press ? or * to list all spells.
Aiming: Magic Dart (safe; 4% risk of failure)
Press: ? - help, Shift-Dir - straight line, f/p - sleepcap
Aim: a sleepcap (moderately damaged, 100% to hit)
The magic dart hits the sleepcap but does no damage.
The sleepcap is moderately damaged.
The sleepcap releases spores at you.
Unknown command.
Casting: Magic Dart (safe; 4% risk of failure)
Confirm with . or Enter, or press ? or * to list all spells.
Aiming: Magic Dart (safe; 4% risk of failure)
Press: ? - help, Shift-Dir - straight line, f/p - sleepcap
Aim: a sleepcap (moderately damaged, 100% to hit)
The magic dart hits the sleepcap.
The sleepcap is heavily damaged.
The sleepcap barely misses you.
Unknown command.
Casting: Magic Dart (safe; 4% risk of failure)
Confirm with . or Enter, or press ? or * to list all spells.
Aiming: Magic Dart (safe; 4% risk of failure)
Press: ? - help, Shift-Dir - straight line, f/p - sleepcap
Aim: a sleepcap (heavily damaged, 100% to hit)
The magic dart hits the sleepcap.
The sleepcap is heavily damaged.
Your surroundings flicker for a moment.
The sleepcap releases spores at you.
* * * LOW HITPOINT WARNING * * *
You are engulfed in a cloud of soporific spores!
You fall asleep.
The sleepcap releases spores at you!
Ouch! That really hurt!
You die...

#.##.#.......#...##..##
## #.#......####.......
...#...#.♣.∩#.......
.###^..#....#.......
##.......♣#.......
#.................
#.....##..........
.......#...........
..##..#.@#......... .
#..#f.#.........
......#.......#.
......##......#
.......####......
....#.. ...... #...###
..... #..


You could see a sleepcap.

Vanquished Creatures
  4 gnolls (D:2)
  An adder (D:3)
  A worm (D:2)
  2 dart slugs (D:1)
  2 orcs
  3 ball pythons
  2 bats (D:1)
  An endoplasm (D:1)
  3 giant cockroaches
  4 hobgoblins
  4 jackals (D:1)
  6 kobolds
  4 quokkas
  A frilled lizard (D:2)
  3 goblins (D:1)
  6 rats
47 creatures vanquished.

Notes
Turn   | Place    | Note
-------+----------+-------------------------------------------
     0 | D:1      | Zonian the Deep Elf Hedge Wizard began the quest for the
                  | Orb.
     0 | D:1      | Reached XP level 1. HP: 10/10 MP: 7/7
   481 | D:1      | Reached XP level 2. HP: 15/15 MP: 4/9
  1614 | D:2      | Reached XP level 3. HP: 19/19 MP: 7/11
  1665 | D:2      | Learned a level 2 spell: Blink
  1668 | D:2      | Learned a level 2 spell: Call Imp
  2817 | D:2      | Reached XP level 4. HP: 21/24 MP: 4/12
  3192 | D:2      | Reached skill level 5 in Spellcasting
  3863 | D:2      | Found a faded altar of an unknown god.
  4707 | D:3      | Found a glowing silver altar of Zin.
  5098 | D:4      | Found Zetykaid's Jewellery Shoppe.
  5124 | D:4      | Mangled by a sleepcap

Illustrated notes

Levels and vault maps discovered:
D:1:      grunt_arrival_lava_bath, layout_basic
D:2:      layout_basic, dreamdust_ecumenical_altar_statues,
          kennysheep_nondescript, minmay_misc_feat_room
D:3:      layout_loops_ring, zin_statuary
D:4:      layout_cave_pools, serial_shops, nicolae_shop_pleasant_corner_grove,
          minmay_hedge_maze

Skill      XL: |  1  2  3  4 |
---------------+-------------+-----
Stealth        | 3 |  3.3
Dodging        | 3 |  3.2
Translocations | 2 |  2.2
Spellcasting   | 5 |  5.1
Conjurations   | 2 |  2.0
Summonings     | 2 |  2.0

Action                     |  1- 3 |  4- 6 || total
---------------------------+-------+-------++-------
  Melee: Dagger            |    16 |     1 ||    17
   Cast: Magic Dart        |   115 |    55 ||   170
    Use: Scroll            |     3 |     3 ||     6
         Potion            |     1 |       ||     1
 Armour: Robe              |    29 |    16 ||    45
  Dodge: Dodged            |    27 |     9 ||    36

Table legend: (Time is in decaauts)
 A = Elapsed time spent in this place.
 B = Non-inter-level travel time spent in this place.
 C = Inter-level travel time spent in this place.
 D = Time resting spent in this place.
 E = Time spent auto-exploring this place.
 F = Levels seen in this place.
 G = Mean time per level.
                   A        B        C        D        E       F      G
               +--------+--------+--------+--------+--------+-----+--------+
         Total |   5124 |   4954 |    170 |   2600 |   1843 |   4 | 1281.0 |
       Dungeon |   5124 |   4954 |    170 |   2600 |   1843 |   4 | 1281.0 |
               +--------+--------+--------+--------+--------+-----+--------+

Top non-repeatable levels by time:
     D:2: 1985 daAuts
     D:1: 1985 daAuts
     D:3: 926 daAuts
     D:4: 227 daAuts
